AoeStats
← TKDanis

MegaRandom

510766604Analyzed
2v2 RM · 14h ago on Oct 2, 2026· 119m 32s· 4 players
Game mode
Random Map
Map size
Medium (4 player)
Population
200
Speed
Normal
Resources
Standard
Victory
Conquest
Starting age
Dark Age
Ending age
Imperial Age
RankedLock teamsTeams togetherTeam positionsShared explorationLock speedFull tech treeHidden civsTurbo modeCheats
Victory
Defeat
🇨🇳 Muisca · China
1023
+10
🇨🇳 Magyars · China
800
+19
🇨🇳 Cumans · China
888
-15
🇨🇳 Maya · China
869
-14
274555746
11:19 Feudal Age
18:12 Castle Age
18:11 Double-Bit Axe
20:53 Stone Mining
21:56 Gold Mining
24:18 Bloodlines
28:06 Gold Shaft Mining
27:17 Horse Collar
35:59 Imperial Age
34:23 Bow Saw
35:47 Steppe Husbandry
36:40 Wheelbarrow
38:00 Two-Man Saw
38:07 Conscription
38:04 Scale Barding Armor
38:10 Forging
40:12 Hand Cart
39:30 Elite Skirmisher
40:23 Padded Archer Armor
40:14 Fletching
40:45 Chain Barding Armor
41:00 Iron Casting
41:12 Elite Steppe Lancer
43:28 Chemistry
48:42 Iron Casting
48:43 Plate Barding Armor
49:21 Heavy Plow
50:06 Bodkin Arrow
53:43 Blast Furnace
54:56 Pikeman
55:39 Squires
56:49 Crop Rotation
55:48 Halberdier
56:38 Scale Mail Armor
56:55 Leather Archer Armor
75:05 Ring Archer Armor
74:50 Chain Mail Armor
94:59 Arson
98:55 Plate Mail Armor
wsxc
9:25 Loom
12:14 Feudal Age
13:05 Double-Bit Axe
17:51 Castle Age
17:14 Forging
19:39 Bow Saw
20:16 Horse Collar
21:10 Fletching
24:31 Crossbowman
26:56 Bodkin Arrow
27:01 Padded Archer Armor
29:16 Thumb Ring
30:51 Wheelbarrow
31:52 Hand Cart
31:49 Gold Mining
32:05 Heavy Plow
38:18 Imperial Age
36:47 Town Watch
37:31 Leather Archer Armor
38:04 Heated Shot
38:37 Ballistics
39:02 Town Patrol
39:10 Bracer
39:40 Ring Archer Armor
41:29 Conscription
42:22 Chemistry
41:38 Elite Skirmisher
42:46 Hul'che Javelineers
43:20 Holcans
44:06 Iron Casting
43:31 Scale Mail Armor
42:56 Eagle Warrior
43:41 Elite Eagle Warrior
44:01 Elite Eagle Warrior
44:53 Squires
44:39 Arson
46:37 Blast Furnace
45:52 Chain Mail Armor
51:22 Pikeman
52:53 Plate Mail Armor
52:00 Halberdier
58:54 Murder Holes
60:45 Two-Man Saw
60:22 Crop Rotation
75:46 Masonry
A泛
9:58 Loom
12:18 Feudal Age
15:29 Scale Barding Armor
19:38 Horse Collar
24:52 Castle Age
23:17 Double-Bit Axe
26:38 Bloodlines
27:31 Heavy Plow
28:42 Chain Barding Armor
28:32 Gold Mining
33:45 Murder Holes
35:46 Gold Shaft Mining
35:44 Bow Saw
41:05 Imperial Age
40:44 Husbandry
41:14 Cavalier
42:42 Plate Barding Armor
44:42 Paladin
46:29 Pikeman
48:27 Crop Rotation
90:44 Elite Magyar Huszar
92:24 Elite Skirmisher
95:22 Corvinian Army
120:29 Two-Man Saw
TKDanis
8:12 Loom
12:00 Feudal Age
12:13 Loom
15:55 Castle Age
14:05 Horse Collar
14:12 Double-Bit Axe
17:28 Bow Saw
18:02 Fletching
21:26 Bodkin Arrow
22:16 Padded Archer Armor
28:21 Leather Archer Armor
28:58 Ballistics
29:54 Wheelbarrow
31:04 Heavy Plow
33:53 Imperial Age
33:10 Stone Mining
33:13 Gold Mining
33:55 Elite Guecha Warrior
35:58 Two-Man Saw
35:37 Gold Shaft Mining
35:42 Stone Shaft Mining
36:50 Conscription
37:15 Hand Cart
38:21 Chemistry
37:24 Bracer
37:32 Siege Engineers
40:22 Capped Ram
42:22 Hoardings
43:12 Town Watch
45:02 Crop Rotation
52:18 Thumb Ring
55:15 Heavy Scorpion
57:37 Huaracas
57:35 Herbalism
61:32 Masonry
61:37 Clinker Construction
61:40 Careening
70:01 Champi Runner
70:42 Squires
71:02 Forging
70:53 Scale Mail Armor
71:01 Onager
71:18 Champi Warrior
74:19 Elite Champi Warrior
75:50 Iron Casting
75:30 Chain Mail Armor
85:59 Plate Mail Armor
109:55 Elite Temple Guard
Connection lost

Rejoining the realm…

Still unreachable

The connection could not be restored.

Session expired

The server has moved on; the page needs a fresh start.